 Dungeon Crawl Stone Soup version 0.23-a0-808-gd21de94 (webtiles) character file.

121 Lanoc the Skirmisher (level 4, -4/36 HPs)
             Began as a Demonspawn Berserker on Jan 20, 2019.
             Was a Believer of Trog.
             Slain by a phantom (8 damage)
             ... on level 4 of the Dungeon.
             The game lasted 00:02:46 (840 turns).

Lanoc the Skirmisher (Demonspawn Berserker)          Turns: 840, Time: 00:02:47

Health: -4/36      AC:  2    Str: 18    XL:     4   Next: 76%
Magic:  4/4        EV: 13    Int:  8    God:    Trog [**....]
Gold:   68         SH:  0    Dex: 13    Spells: 3/3 levels left

rFire    . . .     SeeInvis .   a - +0 falchion
rCold    . . .     Gourm    .   (no shield)
rNeg     . . .     Faith    .   b - +0 animal skin
rPois    .         Spirit   .   (helmet restricted)
rElec    .         Reflect  .   (no cloak)
rCorr    .         Harm     .   (no gloves)
MR       .....                  (no boots)
Stlth    +.........             (no amulet)
HPRegen  0.12/turn              (no ring)
MPRegen  0.09/turn              (no ring)

@: berserk cooldown, slowed, very slow
A: antennae 1, spiny 1
a: Berserk, Trog's Hand, Renounce Religion


You were on level 4 of the Dungeon.
You worshipped Trog.
Trog was pleased with you.
You were very hungry.

You visited 1 branch of the dungeon, and saw 4 of its levels.

You collected 68 gold pieces.

Inventory:

Hand Weapons
 a - a +0 falchion (weapon)
Armour
 b - a +0 animal skin (worn)
Wands
 m - a wand of flame (18)
Scrolls
 d - a scroll of blinking {unknown}
 i - 3 scrolls of identify {unknown}
 k - 3 scrolls of remove curse {unknown}
 o - a scroll of amnesia {unknown}
Potions
 e - a potion of flight {unknown}
 f - 2 potions of might {unknown}
 g - a potion of brilliance {unknown}
 h - 4 potions of agility {unknown}
 j - a potion of magic {unknown}
 n - a potion of curing {unknown}
Comestibles
 c - 3 rations
 l - a chunk of flesh


   Skills:
 + Level 3.6 Fighting
 - Level 3.2 Long Blades
 + Level 2.5 Armour
 + Level 2.5 Dodging
 * Level 1.7 Unarmed Combat


You had 3 spell levels left.
You didn't know any spells.
Your spell library was empty.

Dungeon Overview and Level Annotations

Branches:
Dungeon (4/15)
 Temple: D:4-7

Altars:
Makhleb


Innate Abilities, Weirdness & Mutations

You have a pair of small antennae on your head.
You are partially covered in sharp spines.


Message History

You are no longer berserk.
You are exhausted.
You feel yourself slow down. The phantom is struck by your spines.
The phantom hits you!
You closely miss the phantom.
The phantom is lightly damaged.
The phantom barely misses you.
You hit the phantom but do no damage.
The phantom is lightly damaged.
The phantom misses you.
The phantom blinks!
The phantom blinks!
You completely miss the phantom.
The phantom is lightly damaged.
The phantom is struck by your spines. The phantom hits you.
* * * LOW HITPOINT WARNING * * *
The phantom hits you.
* * * LOW HITPOINT WARNING * * *
The phantom blinks!
The phantom hits you!
You die...

#.#.## #.###
#.# #+# #.#
#.# #.#
######.# #.#
#[.....####
#.# #..W....#
#.# #ยง@.....#
#.# #.#...#.#
#.#
#.##.##.####.#
#.##.........#
#.#####.######
#.#####.#
#.......#
#########


You could see a phantom.

Vanquished Creatures
  A scorpion (D:4)
  A howler monkey (D:4)
  An ooze (D:3)
  3 dart slugs (D:1)
  A leopard gecko (D:1)
  A bat (D:1)
  2 giant cockroaches (D:1)
  2 goblins (D:1)
  3 hobgoblins (D:1)
  A ball python (D:1)
  A frilled lizard (D:1)
  7 kobolds (D:1)
24 creatures vanquished.

Notes
Turn   | Place    | Note
-------+----------+-------------------------------------------
     0 | D:1      | Lanoc the Demonspawn Berserker began the quest for the Orb.
     0 | D:1      | Reached XP level 1. HP: 18/18 MP: 1/1
   227 | D:1      | Gained mutation: You are partially covered in sharp spines.
                  | [demonic ancestry]
   227 | D:1      | Reached XP level 2. HP: 18/24 MP: 2/2
   571 | D:1      | Gained mutation: You have a pair of small antennae on your
                  | head. [demonic ancestry]
   571 | D:1      | Reached XP level 3. HP: 20/29 MP: 3/3
   664 | D:3      | Reached ** piety under Trog
   680 | D:4      | Found a burning altar of Makhleb.
   689 | D:4      | Noticed a scorpion
   694 | D:4      | Reached skill level 1 in Unarmed Combat
   694 | D:4      | Reached XP level 4. HP: 18/35 MP: 4/4
   824 | D:4      | Noticed a phantom
   840 | D:4      | Slain by a phantom

Vault maps used:
D:1:      evilmike_arrival_rings
D:2:      gammafunk_temple_overflow_arena
D:3:      nicolae_overflow_hidden_temple
D:4:      grunt_dithmenos_smoke, old_standard_altar

Skill      XL: |  1  2  3 |
---------------+----------+-----
Long Blades    | 3 |  3.2
Armour         | 2 |  2.5
Dodging        | 2 |  2.5
Unarmed Combat | 1 |  1.7
Fighting       | |  3.6

Action                   |  1- 3 |  4- 6 || total
-------------------------+-------+-------++-------
Melee: Falchion          |    71 |     9 ||    80
Invok: Berserk           |     1 |     2 ||     3
  Eat: Chunk             |       |     2 ||     2
Armor: Animal skin       |    10 |       ||    10
Dodge: Dodged            |    44 |     5 ||    49
       Rpst.: Falchion   |    11 |     1 ||    12

Table legend:
 A = Non-vault XP
 B = Vault XP
 C = Vault XP percentage of total XP
 D = Non-vault monster count
 E = Vault monster count
 F = Vault count percentage of total count
                 A         B        C        D         E       F
            +---------+---------+-------+---------+---------+-------
      Total |     173 |       0 |   0.0 |      24 |       0 |   0.0
            +---------+---------+-------+---------+---------+-------
        D:1 |      42 |       0 |   0.0 |      21 |       0 |   0.0
        D:3 |       7 |       0 |   0.0 |       1 |       0 |   0.0
        D:4 |     124 |       0 |   0.0 |       2 |       0 |   0.0
            +---------+---------+-------+---------+---------+-------
